 Dungeon Crawl Stone Soup version 0.26-a0-466-g989023bd0d (webtiles) character file.

Game seed: 9792170186915233600

2005 kkoch the Thaumaturge (level 9, -1/51 HPs)
             Began as a Deep Elf Ice Elementalist on Aug 5, 2020.
             Was a Follower of Cheibriados.
             Blown up by Pikel (22 damage)
             ... with a disintegration bolt
             ... on level 5 of the Dungeon.
             The game lasted 00:23:51 (8570 turns).

kkoch the Thaumaturge (Deep Elf Ice Elementalist)   Turns: 8570, Time: 00:23:52

Health: -1/51      AC: 12    Str: 11    XL:     9   Next: 2%
Magic:  29/32      EV: 11    Int: 24    God:    Cheibriados [*.....]
Gold:   220        SH:  5    Dex: 18    Spells: 17/24 levels left

rFire    . . .     SeeInvis .   a - +6 flail (protect)
rCold    . . .     Faith    .   p - +0 buckler
rNeg     . . .     Spirit   .   r - +0 ring mail
rPois    .         Reflect  .   (no helmet)
rElec    .         Harm     .   (no cloak)
rCorr    .                      o - +1 pair of gloves
MR       .....                  (no boots)
Stlth    ++........             (no amulet)
HPRegen  0.17/turn              f - +4 ring of protection
MPRegen  0.23/turn              u - ring of magical power

@: very slow
A: no striking features
a: Bend Time, Renounce Religion


You were on level 5 of the Dungeon.
You worshipped Cheibriados.
Cheibriados was aware of your devotion.
You visited 2 branches of the dungeon, and saw 7 of its levels.

You collected 220 gold pieces.

Inventory:

Hand Weapons
 a - a +6 flail of protection (weapon)
 b - a +2 whip of venom
 y - a +2 short sword of holy wrath
Missiles
 h - 18 poisoned darts
 l - 11 boomerangs (quivered)
 q - 4 curare-tipped darts
 w - 3 javelins
Armour
 g - a +0 robe
 o - a +1 pair of gloves (worn)
 p - a +0 buckler (worn)
 r - a +0 ring mail (worn)
Jewellery
 f - a +4 ring of protection (left hand)
 u - a ring of magical power (right hand)
Wands
 e - a wand of polymorph (10)
 n - a wand of disintegration (6)
Scrolls
 i - 3 scrolls of remove curse
 k - a scroll of enchant weapon
 m - a scroll of fear
 s - a scroll of identify
 x - a scroll of blinking
Potions
 c - a potion of haste
 d - a potion of heal wounds
 j - 2 potions of ambrosia
 t - a potion of mutation {unknown}


   Skills:
 * Level 3.6 Fighting
 + Level 2.4 Maces & Flails
 + Level 4.0 Throwing
 * Level 4.0 Armour
 - Level 2.4 Dodging
 - Level 2.4 Stealth
 * Level 3.3 Shields
 - Level 8.0 Spellcasting
 - Level 5.2 Ice Magic
 + Level 1.2 Evocations


You had 17 spell levels left.
You knew the following spells:

 Your Spells              Type           Power        Failure   Level
a - Freeze                Ice            ####         1%          1
b - Frozen Ramparts       Ice            ####..       5%          3
c - Ozocubu's Armour      Ice            ####....     5%          3

Your spell library contained the following spells:

 Spells                   Type           Power        Failure   Level
 Hailstorm                Conj/Ice       ###.....     47%         4
 Summon Ice Beast         Ice/Summ       ###.....     47%         4


Dungeon Overview and Level Annotations

Branches:
Dungeon (6/15)             Temple (1/1) D:4

Altars:
Ashenzari
Cheibriados
Dithmenos
Fedhas
Kikubaaqudgha
Okawaru
Qazlal
Trog
Uskayaw
Vehumet
Wu Jian
Xom
The Shining One

Annotations:
D:3 exclusion: 2 downstairs
D:4 exclusion: downstairs
D:5 exclusion: downstairs, Pikel


Message History

You freeze Pikel.
Pikel is lightly wounded.
Casting: Freeze (safe; 1% risk of failure)
Confirm with . or Enter, or press ? or * to list all spells.
Aiming: Freeze (safe; 1% risk of failure)
Press: ? - help, Shift-Dir - straight line, f/p - Pikel
Aim: Pikel, wielding a +1 whip of freezing, wearing a +0 robe and carrying a wand of disintegration (11) (lightly wounded)
You freeze Pikel.
Pikel is moderately wounded.
Pikel zaps a wand.
You are blasted!
Ouch! That really hurt!
Casting: Freeze (safe; 1% risk of failure)
Confirm with . or Enter, or press ? or * to list all spells.
Aiming: Freeze (safe; 1% risk of failure)
Press: ? - help, Shift-Dir - straight line, f/p - Pikel
Aim: Pikel, wielding a +1 whip of freezing, wearing a +0 robe and carrying a wand of disintegration (10) (moderately wounded)
You freeze Pikel.
Pikel is moderately wounded.
Pikel zaps a wand.
You are blasted!
You die...

### #.####### ..# #.# #.#
#.####### ##### #.#
#.......# ##...##
#.########..####.# ##.....##
....<.......####.###.......#
#.#######...##.55..........#
..# #........#.#K###.......#
### #.##.......#@# ##.....##
# #.###........# ##...## #
#.####.#.##### ##.## #
#........# ###.######### #
######.### #........##.. #
##'## #.#.####.##.# #
##...## #.#..# #.##.# ##
##.....## ##.##.# #.##.# .##
##.......## ##..##.###.##..


You could see Pikel and 2 lemures.

Vanquished Creatures
  Grinder (D:4)
  Eustachio (D:4)
  Menkaure (D:5)
  Edmund (D:4)
  2 ogres
  2 eyes of draining (D:4)
  2 phantoms (D:6)
  2 lemures (D:5)
  3 scorpions
  3 wights (D:6)
  4 hounds
  2 orc priests
  3 orc wizards
  A worker ant (D:4)
  A mummy (D:4)
  2 worker ant zombies
  15 adders
  A shadow imp (D:5)
  A white imp (D:4)
  2 oozes
  3 adder zombies (D:5)
  5 worms
  A dart slug (D:4)
  4 leopard geckos
  23 orcs
  12 bats
  3 giant cockroaches
  5 goblins
  8 hobgoblins
  9 jackals
  3 quokkas
  A ball python zombie (D:5)
  3 frilled lizards
  A jackal skeleton (D:4)
  A jackal zombie (D:6)
  15 kobolds
  A kobold zombie (D:4)
  An orc zombie (D:4)
  9 rats
158 creatures vanquished.

Notes
Turn   | Place    | Note
-------+----------+-------------------------------------------
     0 | D:1      | kkoch the Deep Elf Ice Elementalist began the quest for the
                  | Orb.
     0 | D:1      | Reached XP level 1. HP: 10/10 MP: 6/6
   317 | D:1      | Reached XP level 2. HP: 15/15 MP: 5/8
   814 | D:1      | Reached XP level 3. HP: 20/20 MP: 7/9
   932 | D:1      | Reached skill level 5 in Ice Magic
  1160 | D:1      | Learned a level 3 spell: Frozen Ramparts
  1164 | D:1      | Learned a level 3 spell: Ozocubu's Armour
  1341 | D:2      | Found a shadowy altar of Dithmenos.
  1403 | D:2      | Reached skill level 1 in Throwing
  1562 | D:2      | Reached skill level 4 in Spellcasting
  1776 | D:2      | Reached XP level 4. HP: 24/24 MP: 10/12
  1852 | D:2      | Reached skill level 1 in Armour
  2192 | D:3      | Reached skill level 1 in Fighting
  3037 | D:3      | Reached XP level 5. HP: 29/29 MP: 3/13
  4323 | D:4      | Reached skill level 5 in Spellcasting
  4397 | D:4      | Reached skill level 1 in Shields
  4428 | D:4      | Reached XP level 6. HP: 11/34 MP: 16/16
  4459 | D:4      | Reached skill level 6 in Spellcasting
  4510 | D:4      | Found a bloodstained altar of Trog.
  4536 | D:4      | Reached XP level 7. HP: 40/40 MP: 0/18
  4760 | D:4      | Found a staircase to the Ecumenical Temple.
  4799 | D:4      | Noticed Grinder
  4827 | D:4      | Killed Grinder
  4827 | D:4      | Reached skill level 7 in Spellcasting
  4941 | D:4      | Reached skill level 1 in Maces & Flails
  5006 | D:4      | Noticed Eustachio
  5008 | D:4      | Noticed Edmund
  5045 | D:4      | Killed Edmund
  5112 | D:4      | Killed Eustachio
  5112 | D:4      | Reached XP level 8. HP: 42/45 MP: 21/21
  5177 | D:4      | Reached skill level 1 in Evocations
  5257 | Temple   | Entered the Ecumenical Temple
  5616 | Temple   | Became a worshipper of Cheibriados the Contemplative
  6058 | D:5      | Entered Level 5 of the Dungeon
  6086 | D:5      | Reached skill level 8 in Spellcasting
  6781 | D:5      | Noticed Menkaure
  6784 | D:5      | Killed Menkaure
  7227 | D:5      | Reached * piety under Cheibriados
  7250 | D:5      | Noticed Pikel
  8180 | D:6      | Reached XP level 9. HP: 47/51 MP: 23/23
  8570 | D:5      | Blown up by Pikel

Illustrated notes

Levels and vault maps discovered:
D:1:      dpeg_arrival_pits, layout_loops_ring, minmay_misc_feat_pillars,
          dk_noncrumbling_4, minmay_misc_feat_iff
D:2:      layout_rooms, lemuel_crystal_altar, small_statue_intersection,
          minmay_small_reverse_x
D:3:      layout_basic, minmay_misc_feat_four_crosses
D:4:      layout_rooms, trog_eyes_of_draining, minmay_temple_entry_slanted,
          nicolae_ossuary_entry_giza, uniq_eustachio, uniq_grinder, uniq_edmund
D:5:      layout_loops_corners, uniq_menkaure, uniq_pikel
D:6:      layout_cave_pools, serial_shops, shop, okawaru_gym_becter
Temple:   grunt_temple_mini_profane

Skill      XL: |  1  2  3  4  5  6  7  8  9 |
---------------+----------------------------+-----
Ice Magic      | 5 |  5.2
Throwing       | 1 2 3 4 |  4.0
Spellcasting   | 4 5 6 7 8 |  8.0
Armour         | 1 2 4 |  4.0
Fighting       | 1 2 3 |  3.6
Shields        | 1 2 3 |  3.3
Maces & Flails | 1 2 |  2.4
Evocations     | 1 |  1.2
Dodging        | |  2.4
Stealth        | |  2.4

Action                   |  1- 3 |  4- 6 |  7- 9 || total
-------------------------+-------+-------+-------++-------
Melee: Unarmed           |     5 |     2 |       ||     7
       Whip              |       |    20 |     5 ||    25
       Flail             |       |       |   101 ||   101
       Short sword       |       |       |    18 ||    18
Throw: Dart              |    17 |    41 |    40 ||    98
       Boomerang         |       |       |    48 ||    48
 Cast: Freeze            |    48 |    94 |    53 ||   195
       Ozocubu's Armour  |       |       |     2 ||     2
       Frozen Ramparts   |       |       |     1 ||     1
Evoke: Wand              |       |       |    10 ||    10
  Use: Potion            |       |     4 |       ||     4
       Scroll            |       |     9 |     1 ||    10
 Stab: Sleeping          |       |       |     1 ||     1
Armor: Robe              |    14 |     6 |       ||    20
       Ring mail         |       |    28 |    67 ||    95
Dodge: Dodged            |    37 |    47 |    71 ||   155
Block: Buckler           |       |    12 |    40 ||    52

Table legend: (Time is in decaauts)
 A = Elapsed time spent in this place.
 B = Non-inter-level travel time spent in this place.
 C = Inter-level travel time spent in this place.
 D = Time resting spent in this place.
 E = Time spent auto-exploring this place.
 F = Levels seen in this place.
 G = Mean time per level.
                   A        B        C        D        E       F      G
               +--------+--------+--------+--------+--------+-----+--------+
         Total |   8971 |   8631 |    340 |   3223 |   4007 |   7 | 1281.6 |
       Dungeon |   8581 |   8293 |    288 |   3223 |   3671 |   6 | 1430.2 |
        Temple |    389 |    338 |     51 |      0 |    336 |   1 |  389.0 |
               +--------+--------+--------+--------+--------+-----+--------+

Top non-repeatable levels by time:
     D:3: 2085 daAuts
     D:5: 1792 daAuts
     D:4: 1688 daAuts
     D:1: 1182 daAuts
     D:2: 999 daAuts
     D:6: 833 daAuts
  Temple: 389 daAuts
